 Dungeon Crawl Stone Soup version 0.27-a0-1189-gb8eb6cee8e (webtiles) character file.

Game seed: 15562535225532826173

16998 shoop the Carver (level 12, -14/81 HPs)
             Began as a Demonspawn Delver on May 23, 2021.
             Was the Champion of Fedhas.
             Killed by an exploding ballistomycete spore (26 damage)
             ... set off by their pet
             ... on level 1 of the Orcish Mines.
             The game lasted 00:33:28 (9933 turns).

shoop the Carver (Demonspawn Delver)                Turns: 9933, Time: 00:33:28

Health: -14/81     AC: 14    Str: 16    XL:     12   Next: 15%
Magic:  22/22      EV: 17    Int: 13    God:    Fedhas [******]
Gold:   893        SH:  0    Dex: 15    Spells: 13/15 levels left

rFire    . . .     SeeInvis .   x - +3 falchion (distort)
rCold    + . .     Faith    +   W - +0 buckler
rNeg     + . .     Spirit   .   h - +5 leather armour of the Demon Prince {rN+ Regen+}
rPois    .         Reflect  .   u - +0 helmet
rElec    .         Harm     .   (no cloak)
rCorr    .         Rampage  .   U - +0 pair of gloves
Will     .....                  z - +0 pair of boots
Stlth    +.........             I - amulet of faith
HPRegen  1.23/turn              G - ring of protection from cold
MPRegen  0.18/turn              (no ring)

@: confused, agile, lethally poisoned (-14 -> -15)
A: hooves 2, slimy green scales 2, powered by pain 2, condensation shield
a: Renounce Religion, Wall of Briars, Grow Ballistomycete, Overgrow, Grow Oklob


You were on level 1 of the Orcish Mines.
You worshipped Fedhas.
Fedhas was exalted by your worship.
You visited 3 branches of the dungeon, and saw 13 of its levels.
You also visited: Ossuary.

You collected 1170 gold pieces.
You spent 277 gold pieces at shops.

Inventory:

Hand Weapons
 x - a +3 falchion of distortion (weapon)
 X - the +6 hand axe "Lyrhic" {freeze, Str+2 Int+2 Dex+4}
   (You found it on level 10 of the Dungeon)

   It has been specially enchanted to freeze those struck by it, causing extra
   injury to most foes and up to half again as much damage against particularly
   susceptible opponents.
   It can also slow down cold-blooded creatures.
   It affects your strength (+2).
   It affects your intelligence (+2).
   It affects your dexterity (+4).
Missiles
 a - 2 throwing nets
 e - 48 poisoned darts (quivered)
 H - 6 curare-tipped darts
Armour
 f - a +0 tower shield
 h - the +5 leather armour of the Demon Prince (worn) {rN+ Regen+}
   (You found it on level 5 of the Dungeon)

   It protects you from negative energy.
   It increases your rate of health regeneration.
 j - a +2 robe of the Archmagi
 u - a +0 helmet (worn)
 z - a +0 pair of boots (worn)
 U - a +0 pair of gloves (worn)
 W - a +0 buckler (worn)
Jewellery
 b - a ring of magical power
 d - an amulet of regeneration
 G - a ring of protection from cold (left hand)
 I - an amulet of faith (around neck)
 K - a ring of protection from cold
 Q - a +6 ring of intelligence
 Y - an amulet of the acrobat
Wands
 g - a wand of digging (3)
 y - a wand of flame (60)
 C - a wand of polymorph (25)
 J - a wand of acid (11)
 O - a wand of iceblast (7)
Scrolls
 c - 2 scrolls of fog
 k - 3 scrolls of enchant weapon
 n - 3 scrolls of immolation
 p - a scroll of teleportation {unknown}
 q - 6 scrolls of noise
 s - 3 scrolls of vulnerability
 v - 2 scrolls of holy word {unknown}
 w - 4 scrolls of fear
 B - 4 scrolls of magic mapping
 E - a scroll of enchant armour {unknown}
 F - 2 scrolls of amnesia {unknown}
 P - a scroll of silence
 S - a scroll of blinking
 T - a scroll of torment
 Z - a scroll of brand weapon
Potions
 i - 3 potions of invisibility {unknown}
 l - 5 potions of heal wounds {unknown}
 m - 4 potions of lignification
 o - 9 potions of curing
 r - a potion of might
 t - a potion of magic {unknown}
 A - 2 potions of attraction {unknown}
 L - 2 potions of cancellation {unknown}
 M - a potion of resistance
 N - a potion of brilliance {unknown}
 R - 4 potions of berserk rage
 V - a potion of mutation
Miscellaneous
 D - a tin of tremorstones (2/2)


   Skills:
 - Level 3.0 Fighting
 * Level 13.6 Long Blades
 - Level 2.0 Throwing
 - Level 2.0 Armour
 - Level 2.0 Dodging
 - Level 4.5 Stealth
 - Level 3.0 Shields
 - Level 2.0 Spellcasting
 - Level 3.0 Translocations
 + Level 13.4 Invocations
 - Level 3.0 Evocations


You had 13 spell levels left.
You knew the following spells:

 Your Spells              Type           Power      Damage    Failure   Level
b - Blink                 Tloc           N/A        N/A       16%         2

Your spell library contained the following spells:

 Spells                   Type           Power      Damage    Failure   Level
 Corona                   Hex            1%         N/A       34%         1
 Magic Dart               Conj           4%         1d3       34%         1
 Sting                    Tmut/Pois      4%         1d3       34%         1
 Call Imp                 Summ           1%         N/A       45%         2
 Ensorcelled Hibernation  Hex/Ice        2%         N/A       45%         2
 Poisonous Vapours        Pois/Air       2%         N/A       45%         2
 Slow                     Hex            1%         N/A       45%         2
 Portal Projectile        Hex/Tloc       10%        N/A       50%         3
 Confusing Touch          Hex            1%         N/A       71%         3
 Conjure Flame            Conj/Fire      1%         6-21      71%         3
 Dazzling Flash           Conj/Hex       2%         N/A       71%         3
 Ignite Poison            Fire/Tmut/Pois 1%         N/A       71%         3
 Inner Flame              Hex/Fire       1%         N/A       71%         3
 Mephitic Cloud           Conj/Pois/Air  1%         N/A       71%         3
 Tukima's Dance           Hex            1%         N/A       71%         3
 Cause Fear               Hex            0%         N/A       98%         4
 Leda's Liquefaction      Hex/Erth       0%         N/A       98%         4
 Olgreb's Toxic Radiance  Pois           1%         N/A       98%         4


Dungeon Overview and Level Annotations

Branches:
Dungeon (11/15)            Temple (1/1) D:5            Lair (0/6) D:11
    Orc (1/2) D:11        Ossuary (visited)

Altars:
Ashenzari
Cheibriados
Dithmenos
Elyvilon
Fedhas
Gozag
Hepliaklqana
Kikubaaqudgha
Makhleb
Nemelex Xobeh
Okawaru
Qazlal
Ru
Sif Muna
Trog
Uskayaw
Vehumet
Wu Jian
Xom
Yredelemnul
Zin
The Shining One

Shops:
D:9 *[=   Orc:1 :

Annotations:
D:3 exclusion: hobgoblin, Sigmund
D:5 exclusion: ogre, Grinder
Abyss:1 Joseph


Innate Abilities, Weirdness & Mutations

You have hoof-like feet.
You are mostly covered in slimy green scales. (AC +3)
You sometimes gain power by taking damage.
A meltable shield of frost defends you. (SH +4)


Message History

Fedhas appreciates your contribution to the ecosystem.
Fedhas protects your plant from harm.
You hear a shout! x8
Unknown command.
You bump into the rock wall.
You feel very sick.
Your ballistomycete spore explodes!
The explosion of spores engulfs you!!
You are more confused.
* * * LOW HITPOINT WARNING * * *
You focus on the pain.
You feel agile all of a sudden.
The ogre appears confused.
The explosion of spores engulfs the ogre!!
You kill the ogre!
Fedhas appreciates your contribution to the ecosystem.
The orc wizard appears confused.
The explosion of spores engulfs the orc wizard!
You kill the orc wizard!
Fedhas appreciates your contribution to the ecosystem.
Fedhas protects your plant from harm.
Unknown command.
You feel sick.
You feel sick.
An orc priest comes into view. It is wielding a +0 club.
You feel sick.
A ballistomycete spore comes into view.
You feel sick. The orc priest hits you with a +0 club.
* * * LOW HITPOINT WARNING * * *
You feel less confused.
You feel sick.
Your ballistomycete spore explodes!
The orc priest appears confused.
The explosion of spores engulfs the orc priest!!!
You kill the orc priest!
Fedhas appreciates your contribution to the ecosystem.
The explosion of spores engulfs you!!
You are confused.
You die...
Fedhas appreciates your contribution to the ecosystem.

##......... #....#..#.# ...
##.##...#.# #.o ####......
..o. ### ####.##.. ...oO
##.####.....#.. . ...#
####....#.......#) ... ..#
##.#.#....#..#....<
.....#.##.@......###.#.....
#.....#)................#
#.#$#.#o).P...............
..#...#...............#
#.###.###..#............ #.
### #............... .
##..........#... #
#..............
##........##...


You could see an orc and a friendly ballistomycete (summoned).

Vanquished Creatures
  Harold (D:10)
  A deep elf pyromancer (D:11)
  A cyclops (D:11)
  An orc sorcerer (Orc:1)
  An unseen horror (D:11)
  Psyche (D:8)
  3 trolls
  A hornet (D:10)
  A meliai zombie (D:10)
  2 wraiths
  16 yaks
  Eustachio (D:6)
  3 steam dragons
  2 vampire mosquitoes (D:11)
  Menkaure (D:6)
  Duvessa (D:4)
  2 water moccasins
  2 acid dragons
  3 orc warriors
  A black bear (D:3)
  An ice beast (D:4)
  A sky beast (D:3)
  6 ogres
  2 wolves (D:9)
  A necrophage (D:7)
  A phantom (D:5)
  2 centaurs (D:9)
  2 bullfrogs
  3 kobold brigands
  2 scorpions
  4 gnoll sergeants
  A water moccasin zombie (D:5)
  Dowan (D:4)
  A water moccasin skeleton (D:5)
  9 wights
  4 spriggan skeletons (D:9)
  12 centaur zombies
  4 hounds
  2 jellies
  A human zombie (D:10)
  5 orc priests
  2 gnoll shamans (D:9)
  A bullfrog skeleton (D:6)
  5 iguanas
  Ijyb (D:5)
  10 orc wizards
  A hound skeleton (D:4)
  2 mummies
  2 howler monkey zombies
  23 gnolls
  6 adders
  A white imp (D:6)
  3 ufetubi
  3 worms
  5 dart slugs
  36 orcs
  2 spectral bats (Ossuary)
  4 ball pythons
  7 endoplasms
  3 giant cockroaches
  5 goblins
  10 hobgoblins
  13 jackals
  4 quokkas
  4 bats
  A bat simulacrum (Ossuary)
  4 frilled lizards
  11 gnoll zombies (Ossuary)
  5 goblin simulacra (Ossuary)
  7 goblin zombies (Ossuary)
  5 hobgoblin zombies (Ossuary)
  19 kobolds
  3 kobold simulacra (Ossuary)
  4 kobold zombies (Ossuary)
  2 orc zombies (Ossuary)
  3 rats
  3 rat simulacra (Ossuary)
  A spectral goblin (Ossuary)
  3 spectral kobolds (Ossuary)
  2 spectral rats (Ossuary)
336 creatures vanquished.

Vanquished Creatures (collateral kills)
  2 yaks (D:11)
  An orc priest (D:11)
  2 orcs (D:11)
  18 ballistomycete spores
23 creatures vanquished.

Vanquished Creatures (others)
  An orc wizard (D:8)
  A ballistomycete spore (Orc:1)
  5 fungi (D:3)
  5 toadstools (D:3)
12 creatures vanquished.

Grand Total: 371 creatures vanquished

Notes
Turn   | Place    | Note
-------+----------+-------------------------------------------
     0 | D:5      | shoop the Demonspawn Delver began the quest for the Orb.
     0 | D:5      | Reached XP level 1. HP: 18/18 MP: 1/1
    10 | D:5      | Found a staircase to the Ecumenical Temple.
    16 | Temple   | Entered the Ecumenical Temple
   262 | Temple   | Became a worshipper of Fedhas Madash
   315 | D:5      | Noticed Grinder
   319 | D:5      | Noticed a hound
   332 | D:5      | Identified the +5 leather armour of the Demon Prince {rN+
                  | Regen+}
   350 | D:5      | Noticed an ogre
   398 | D:4      | Noticed a jelly
   400 | D:4      | Noticed an ice beast
   411 | D:4      | Found a shimmering altar of Xom.
   412 | D:4      | Found a burning altar of Makhleb.
   412 | D:4      | Found an iron altar of Okawaru.
   440 | D:3      | Noticed a black bear
   711 | D:1      | Reached skill level 1 in Invocations
   820 | D:1      | Gained mutation: You are partially covered in slimy green
                  | scales. (AC +2) [demonic ancestry]
   820 | D:1      | Reached XP level 2. HP: 24/24 MP: 1/3
  1359 | D:1      | Found a faded altar of an unknown god.
  1382 | D:1      | Reached XP level 3. HP: 29/29 MP: 4/4
  1503 | D:2      | Reached * piety under Fedhas
  1681 | D:2      | Reached skill level 1 in Armour
  1744 | D:2      | Gained mutation: You are mostly covered in slimy green
                  | scales. (AC +3) [demonic ancestry]
  1744 | D:2      | Reached XP level 4. HP: 35/35 MP: 5/5
  2084 | D:3      | Noticed Sigmund
  2308 | D:3      | Reached ** piety under Fedhas
  2452 | D:4      | Reached XP level 5. HP: 41/41 MP: 6/6
  2521 | D:4      | Noticed Duvessa
  2531 | D:4      | Noticed Dowan
  2531 | D:4      | Noticed a sky beast
  2637 | D:3      | Killed a black bear
  2638 | D:3      | Gained mutation: You sometimes gain a little power by
                  | taking damage. [demonic ancestry]
  2638 | D:3      | Reached XP level 6. HP: 47/47 MP: 6/8
  2642 | D:3      | Killed a sky beast
  2949 | D:4      | Reached skill level 5 in Long Blades
  2974 | D:4      | Killed Dowan
  3197 | D:4      | Killed an ice beast
  3198 | D:4      | Reached skill level 1 in Throwing
  3198 | D:4      | Gained mutation: A meltable shield of frost defends you.
                  | (SH +4) [demonic ancestry]
  3198 | D:4      | Reached XP level 7. HP: 52/52 MP: 10/10
  3376 | D:4      | Killed Duvessa
  3490 | D:5      | Reached *** piety under Fedhas
  3675 | D:5      | Noticed Ijyb
  3699 | D:5      | Killed Ijyb
  3891 | D:5      | Reached skill level 5 in Invocations
  3950 | D:5      | Reached XP level 8. HP: 58/58 MP: 12/12
  4049 | D:5      | Noticed a troll
  4057 | D:5      | Killed a troll
  4265 | D:5      | Reached skill level 1 in Evocations
  4265 | D:5      | Found a basalt altar of Yredelemnul.
  4318 | D:5      | Found a stormy altar of Qazlal.
  4585 | D:6      | Found a snail-covered altar of Cheibriados.
  4603 | D:6      | Noticed Eustachio
  4626 | D:6      | Killed Eustachio
  4627 | D:6      | Gained mutation: You have large cloven feet. [demonic
                  | ancestry]
  4627 | D:6      | Reached XP level 9. HP: 63/63 MP: 14/14
  4649 | D:6      | Noticed Menkaure
  4686 | D:6      | Killed Menkaure
  4758 | D:6      | Reached **** piety under Fedhas
  4945 | D:6      | Found a hide-covered altar of Uskayaw.
  5103 | D:6      | Found a sparkling altar of Nemelex Xobeh.
  5103 | D:6      | Found a broken altar of Ashenzari.
  5759 | D:8      | Noticed Psyche
  5766 | D:8      | Killed Psyche
  5767 | D:8      | Reached skill level 10 in Long Blades
  5872 | D:8      | Noticed Joseph
  5912 | D:8      | Banished Joseph
  5913 | D:8      | Reached XP level 10. HP: 43/70 MP: 17/17
  5994 | D:8      | Reached skill level 10 in Invocations
  6194 | D:8      | Found a sand-covered staircase.
  6197 | Ossuary  | Entered an ossuary
  6257 | Ossuary  | Reached ***** piety under Fedhas
  6908 | D:9      | Found Mesmiumm's General Store.
  6931 | D:9      | Bought a potion of lignification for 45 gold pieces
  6931 | D:9      | Bought a potion of curing for 45 gold pieces
  6931 | D:9      | Bought a potion of berserk rage for 75 gold pieces
  6931 | D:9      | Bought a scroll of blinking for 112 gold pieces
  7288 | D:9      | Found Voas Zya's Antique Armour Shoppe.
  7352 | D:9      | Reached ****** piety under Fedhas
  7396 | D:9      | Found Yvuukuh's Jewellery Boutique.
  7448 | D:9      | Learned a level 2 spell: Blink
  7675 | D:9      | Gained mutation: You sometimes gain power by taking damage.
                  | [demonic ancestry]
  7675 | D:9      | Reached XP level 11. HP: 64/75 MP: 19/19
  7771 | D:9      | Reached skill level 1 in Translocations
  7902 | D:10     | Entered Level 10 of the Dungeon
  7918 | D:10     | Reached skill level 1 in Spellcasting
  7948 | D:10     | Paralysed by a hornet for 1 turns
  8053 | D:10     | Reached skill level 1 in Shields
  8072 | D:10     | Identified the +6 hand axe "Lyrhic" {freeze, Str+2 Int+2
                  | Dex+4}
  8086 | D:10     | Found an ancient bone altar of Kikubaaqudgha.
  8676 | D:10     | Noticed Harold
  8707 | D:10     | Killed Harold
  9132 | D:11     | Found a sacrificial altar of Ru.
  9174 | D:11     | Noticed a deep elf pyromancer
  9186 | D:11     | Killed a deep elf pyromancer
  9215 | D:11     | Found a staircase to the Lair.
  9411 | D:11     | Gained mutation: You have hoof-like feet. [demonic
                  | ancestry]
  9411 | D:11     | Reached XP level 12. HP: 54/81 MP: 14/21
  9499 | D:11     | Found a staircase to the Orcish Mines.
  9721 | Orc:1    | Entered Level 1 of the Orcish Mines
  9721 | Orc:1    | Found Qola's Book Emporium.
  9933 | Orc:1    | Killed by an exploding ballistomycete spore... set off by
                  | their pet

Illustrated notes

Levels and vault maps discovered:
D:1:      wander_arrival_lonely_grave, layout_basic,
          shapermc_ecumenical_altar_mp_urbaneastern
D:2:      layout_basic
D:3:      layout_rooms, portal_sewer_entry_d, kennysheep_decorative_pillar,
          minmay_gold_behind_fungi, kennysheep_crisscross, uniq_sigmund
D:4:      layout_rooms, elyvilon_altar_3,
          chequers_temple_overflow_statue_of_worship,
          minmay_fractal_squares_diagonal_5, uniq_duvessa
D:5:      kennysheep_windowed_halls, layout_basic, amcnicky_altar_gilded,
          nicolae_yredelemnul_corpse_copse, minmay_temple_entry_fiery,
          uniq_grinder, uniq_ijyb
D:6:      layout_cave_pools, nicolae_uskayaw_dance_studio,
          kennysheep_slug_shrine, gammafunk_temple_overflow_statue,
          grunt_decor_one_mirror, uniq_eustachio, uniq_menkaure
D:7:      layout_rooms, amcnicky_mini_pool_small
D:8:      layout_loops_ring, lightli_ossuary_entry_decrepit_ruins, uniq_joseph,
          uniq_psyche
D:9:      layout_cave_pools, serial_gnoll_camp, gnoll_camp_mini_doghouse,
          gnoll_camp_mini_house, gnoll_camp_mini_house,
          gnoll_camp_mini_sergeant, gnoll_camp_mini_basic, gnoll_camp_mini_hut,
          serial_shops, nicolae_shop_trees, shop,
          nicolae_shop_competitors_out_of_business, hangedman_tell_no_tales
D:10:     layout_roguey, lemuel_mausoleum_altar_kikubaaqudgha, uniq_harold
D:11:     layout_roguey, david_lair_shrubbed, hiddenorc1_lemuel,
          nicolae_ru_sacrificial_ziggurat
Temple:   minmay_temple_curvy_loop
Orc:1:    layout_caves, serial_shops, nicolae_shop_trees

Skill      XL: |  1  2  3  4  5  6  7  8  9 10 11 |
---------------+----------------------------------+-----
Long Blades    | 2 3 4 5 6 8 10 12 13 | 13.6
Invocations    | 1 3 4 5 7 9 11 13 | 13.4
Dodging        | 2 |  2.0
Armour         | 1 2 |  2.0
Throwing       | 1 2 |  2.0
Evocations     | 1 3 |  3.0
Translocations | 3 |  3.0
Spellcasting   | 2 |  2.0
Shields        | 3 |  3.0
Fighting       | |  3.0
Stealth        | |  4.5

Action                   |  1- 3 |  4- 6 |  7- 9 | 10-12 || total
-------------------------+-------+-------+-------+-------++-------
Melee: Falchion          |   118 |   173 |   335 |   598 ||  1224
Throw: Dart              |       |    26 |       |       ||    26
Invok: Grow Ballistomyce |       |       |     2 |     4 ||     6
       Grow Oklob        |       |       |       |     1 ||     1
  Use: Scroll            |     2 |       |       |    10 ||    12
       Potion            |     1 |       |       |       ||     1
 Stab: Sleeping          |    17 |     4 |    14 |    24 ||    59
       Distracted        |       |     1 |     1 |     1 ||     3
Armor: Leather armour    |    60 |    83 |   133 |   198 ||   474
Dodge: Dodged            |    96 |   108 |   148 |   206 ||   558
Block: Other             |       |       |    43 |    38 ||    81
       Buckler           |       |       |       |    71 ||    71
       Rpst.: Falchion   |    34 |    36 |    45 |    52 ||   167

Table legend: (Time is in decaauts)
 A = Elapsed time spent in this place.
 B = Non-inter-level travel time spent in this place.
 C = Inter-level travel time spent in this place.
 D = Time resting spent in this place.
 E = Time spent auto-exploring this place.
 F = Levels seen in this place.
 G = Mean time per level.
                   A        B        C        D        E       F      G
               +--------+--------+--------+--------+--------+-----+--------+
         Total |   9789 |   9389 |    400 |     49 |   6003 |  14 |  699.2 |
       Dungeon |   8966 |   8635 |    331 |     46 |   5534 |  11 |  815.1 |
        Temple |    275 |    206 |     69 |      0 |    198 |   1 |  275.0 |
  Orcish Mines |    199 |    199 |      0 |      3 |    100 |   1 |  199.0 |
       Ossuary |    347 |    347 |      0 |      0 |    171 |   1 |  347.0 |
               +--------+--------+--------+--------+--------+-----+--------+

Top non-repeatable levels by time:
     D:5: 1224 daAuts
     D:9: 942 daAuts
    D:10: 936 daAuts
     D:1: 857 daAuts
     D:8: 844 daAuts
    D:11: 823 daAuts
     D:3: 804 daAuts
     D:2: 720 daAuts
     D:4: 695 daAuts
     D:6: 649 daAuts
     D:7: 468 daAuts
 Ossuary: 347 daAuts
  Temple: 275 daAuts
   Orc:1: 199 daAuts
